 Dungeon Crawl Stone Soup version 0.18-a0-1171-ga8e22e7 (webtiles) character file.

3498 Minkie the Cleaver (level 9, 0/74 HPs)
             Began as a Minotaur Berserker on Jan 26, 2016.
             Was a High Priest of Trog.
             Killed from afar by an electric eel (7 damage)
             ... with a bolt of electricity
             ... on level 8 of the Dungeon.
             The game lasted 00:26:34 (6630 turns).

Minkie the Cleaver (Minotaur Berserker)             Turns: 6630, Time: 00:26:34

Health: 0/74       AC: 17    Str: 22    XL:     9   Next: 80%
Magic:  8/8        EV: 12    Int:  4    God:    Trog [*****.]
Gold:   378        SH:  0    Dex: 13    Spells: 0 memorised, 8 levels left

rFire  . . .     SeeInvis .     w - +0 battleaxe
rCold  + . .     Gourm    .     Q - +3 chain mail {rC+}
rNeg   . . .     Faith    .     (shield currently unavailable)
rPois  +         Spirit   .     (helmet restricted)
rElec  .         Dismiss  .     t - +2 cloak {rPois}
rCorr  .         Reflect  .     (no gloves)
SustAt +         Harm     .     (no boots)
MR     +....                    (no amulet)
Stlth  ..........               e - ring of protection from magic
                                N - ring of sustain attributes

@: somewhat resistant to hostile enchantments, extremely unstealthy
A: retaliatory headbutt, horns 2
a: Berserk, Trog's Hand, Brothers in Arms, Burn Spellbooks, Renounce Religion


You were on level 8 of the Dungeon.
You worshipped Trog.
Trog was extremely pleased with you.
You were not hungry.

You visited 1 branch of the dungeon, and saw 8 of its levels.

You collected 482 gold pieces.
You spent 104 gold pieces at shops.

Inventory:

Hand Weapons
 a - a +1 shortbow of freezing
 w - a +0 battleaxe (weapon)
Missiles
 h - 20 arrows of flame
 i - 136 arrows
 n - 81 bolts
 p - 17 tomahawks (quivered)
 A - 3 throwing nets
Armour
 t - a +2 cloak of poison resistance (worn)
 Q - a +3 chain mail of cold resistance (worn)
Jewellery
 e - a ring of protection from magic (right hand)
 y - an uncursed ring of teleportation
 B - an uncursed ring of poison resistance
 N - a ring of sustain attributes (left hand)
Wands
 K - a wand of slowing (29/48)
 P - a wand of paralysis (18/24)
Scrolls
 d - 2 scrolls of enchant weapon
 f - 3 scrolls of fear
 g - 4 scrolls of remove curse
 k - a scroll of magic mapping
 q - a scroll of enchant armour
 r - 9 scrolls of teleportation
 L - 4 scrolls of fog
Potions
 b - 2 potions of resistance
 j - 2 potions of cure mutation
 l - 3 potions of flight
 o - a potion of invisibility
 s - a potion of cancellation
 x - a potion of might
 C - 4 potions of poison {unknown}
 D - a potion of berserk rage {unknown}
 G - 5 potions of curing {unknown}
 H - 2 potions of heal wounds {unknown}
 O - a potion of haste {unknown}
 S - 3 potions of agility {unknown}
Comestibles
 c - 7 bread rations
 m - 5 fruits
 u - a slice of pizza
 v - 4 meat rations
 M - 6 beef jerkies
 U - 9 chunks of flesh


   Skills:
 - Level 5.0 Fighting
 * Level 11.9 Axes
 + Level 8.4 Armour
 + Level 8.0 Dodging


You had 8 spell levels left.
You didn't know any spells.

Dungeon Overview and Level Annotations

Branches:
Dungeon (8/15)             Temple (0/1) D:6
   Lair: D:8-11

Altars:
Cheibriados
Dithmenos
Fedhas
Makhleb
Nemelex Xobeh
Okawaru
Sif Muna
Xom

Shops:
D:5 ?


Innate Abilities, Weirdness & Mutations

You reflexively headbutt those who attack you in melee.
You have a pair of horns on your head.


Message History

The electric eel shoots out a bolt of lightning at you!
The bolt of electricity hits you!
The electric eel shoots out a bolt of lightning at you!
The bolt of electricity hits you!
There is an open gate here.
The electric eel shoots out a bolt of lightning at you!
The bolt of electricity hits you!
* * * LOW HITPOINT WARNING * * *
The electric eel shoots out a bolt of lightning at you!
The bolt of electricity hits you!
* * * LOW HITPOINT WARNING * * *
You closely miss the electric eel. Your headbutt misses the electric eel.
You closely miss the electric eel.
The electric eel shoots out a bolt of lightning at you!
The bolt of electricity hits you!
* * * LOW HITPOINT WARNING * * *
The electric eel shoots out a bolt of lightning at you!
The bolt of electricity hits the electric eel.
The electric eel completely resists.
The bolt of electricity hits you!
You die...

+. .≈.≈.≈.≈.≈.≈.≈. +.
≈...≈...≈...≈...
#.####
♣≈.≈.≈.≈.≈.≈.≈.≈
#....# ♣≈...≈.8.≈...≈♣
#.##). ♣≈.≈.≈.≈.≈.≈♣
###.#... ♣≈...;...≈♣
#.#..... ♣≈.;.≈!≈♣
#.###... ♣;@..≈♣
#.####..
♣♣...♣♣#####.......
####'''###)..........
........(..##.#..####.
##.#######.##.#.......
# #....##.#####
#.#####.# #.#####.#
#.......#


You could see 3 electric eels.

Vanquished Creatures
  The ghost of Wallaby3 the Skirmisher, an amateur MiMo of Elyvilon (D:4)
  Sigmund (D:3)
  Eustachio (D:6)
  A hippogriff (D:6)
  A hungry ghost (D:7)
  A soldier ant (D:7)
  Menkaure (D:6)
  2 ice beasts
  2 orc warriors (D:7)
  A sky beast (D:8)
  2 phantoms (D:5)
  4 ogres
  4 centaurs
  A giant frog (D:4)
  A water moccasin skeleton (D:6)
  2 giant frog zombies
  4 crimson imps
  A jelly (D:7)
  3 hounds
  A quasit (D:8)
  3 orc priests
  2 giant frog skeletons
  6 orc wizards
  Crazy Yiuf (D:3)
  2 iguanas
  Ijyb (D:2)
  4 worker ants
  7 adders
  4 gnolls (D:4)
  A shadow imp (D:5)
  An ooze (D:4)
  2 adder zombies
  A worm (D:4)
  3 giant geckos
  25 orcs
  5 giant cockroaches
  7 goblins
  8 hobgoblins
  13 jackals
  7 kobolds
  A quokka (D:5)
  5 bats
  A giant gecko skeleton (D:6)
  4 giant newts
  10 rats
  A bush (D:3)
160 creatures vanquished.

Notes
Turn   | Place    | Note
--------------------------------------------------------------
     0 | D:1      | Minkie the Minotaur Berserker began the quest for the Orb.
     0 | D:1      | Reached XP level 1. HP: 19/19 MP: 0/0
     8 | D:1      | Noticed an electric eel
   288 | D:1      | Reached skill level 4 in Axes
   303 | D:1      | Reached XP level 2. HP: 22/27 MP: 1/1
   796 | D:1      | Reached ** piety under Trog
  1118 | D:2      | Noticed Ijyb
  1144 | D:2      | Killed Ijyb
  1144 | D:2      | Reached XP level 3. HP: 33/33 MP: 2/2
  1217 | D:2      | Found a burning altar of Makhleb.
  1217 | D:2      | Noticed a blizzard demon
  1260 | D:2      | Reached XP level 4. HP: 36/40 MP: 3/3
  1642 | D:3      | Found a snail-covered altar of Cheibriados.
  1642 | D:3      | Found a shimmering altar of Xom.
  1642 | D:3      | Found a sparkling altar of Nemelex Xobeh.
  1684 | D:3      | Reached skill level 5 in Axes
  1689 | D:3      | Reached XP level 5. HP: 20/46 MP: 4/4
  1941 | D:3      | Noticed Sigmund
  1956 | D:3      | Killed Sigmund
  1956 | D:3      | Reached XP level 6. HP: 40/53 MP: 5/5
  2075 | D:3      | Found a faded altar to an unknown god.
  2236 | D:3      | Reached *** piety under Trog
  2283 | D:3      | Reached skill level 6 in Axes
  2727 | D:3      | Noticed Crazy Yiuf
  2759 | D:3      | Killed Crazy Yiuf
  2759 | D:3      | Reached skill level 5 in Fighting
  3080 | D:4      | Noticed Wallaby3's ghost (amateur MiMo)
  3105 | D:4      | Killed Wallaby3's ghost
  3105 | D:4      | Reached skill level 7 in Axes
  3105 | D:4      | Reached XP level 7. HP: 47/61 MP: 6/6
  3146 | D:4      | Reached skill level 5 in Armour
  3459 | D:4      | Reached skill level 5 in Dodging
  3717 | D:4      | Found a deep blue altar of Sif Muna.
  3749 | D:5      | Entered Level 5 of the Dungeon
  3769 | D:5      | Reached skill level 8 in Axes
  3868 | D:5      | Reached XP level 8. HP: 33/68 MP: 7/7
  4069 | D:5      | Found Tihahuuf's Magic Scroll Emporium.
  4083 | D:5      | Bought a scroll of fog for 22 gold pieces
  4083 | D:5      | Bought a scroll of blinking for 82 gold pieces
  4093 | D:5      | Found a blossoming altar of Fedhas.
  4359 | D:5      | Found a shadowy altar of Dithmenos.
  4506 | D:5      | Reached skill level 9 in Axes
  5012 | D:6      | Reached **** piety under Trog
  5109 | D:6      | Noticed Menkaure
  5112 | D:6      | Killed Menkaure
  5112 | D:6      | Reached skill level 10 in Axes
  5222 | D:6      | Reached XP level 9. HP: 58/74 MP: 8/8
  5234 | D:6      | Found a staircase to the Ecumenical Temple.
  5454 | D:6      | Noticed Eustachio
  5508 | D:6      | Killed Eustachio
  5720 | D:7      | Found an iron altar of Okawaru.
  5752 | D:7      | Reached skill level 11 in Axes
  6614 | D:8      | Reached ***** piety under Trog
  6630 | D:8      | Killed from afar by an electric eel

Vault maps used:
D:1:      arrival_aquarium_a, dk_noncrumbling_3
D:2:      first_bread, makhleb_altar_promises_db, uniq_iyjb
D:3:      gammafunk_temple_overflow_forgotten, ecumenical_altar_1, uniq_sigmund,
          uniq_crazy_yiuf_cottage
D:4:      marbit_many_paths
D:5:      kennysheep_mini_moat, lemuel_doored_altar, serial_shops, shop_scrolls,
          kennysheep_generic_room_14
D:6:      minmay_temple_entry_statues_pillars, uniq_menkaure, uniq_eustachio
D:7:      okawaru_ov_weapons_minmay, grunt_ogre_cave
D:8:      serial_shops, shop, kennysheep_cluttered_room

Action                   |  1- 3 |  4- 6 |  7- 9 || total
-------------------------+-------+-------+-------++-------
Melee: Hand axe          |    97 |   119 |   262 ||   478
       Battleaxe         |       |       |    73 ||    73
Throw: Tomahawk          |       |       |    11 ||    11
Invok: Berserk           |       |     2 |     1 ||     3
  Use: Scroll            |       |     3 |    15 ||    18
  Eat: Chunk             |     1 |     2 |    13 ||    16
       Bread ration      |       |     1 |       ||     1
       Beef jerky        |       |       |     1 ||     1
       Pizza             |       |       |     1 ||     1
